[ AOE2 MATCH · #488551391 ]
UnrankedSpanish vs Gurjaras
[ REPLAY ANALYSIS · EXTRACTED FROM THE RECORDED GAME ]
Feudal
—
Castle
—
Imperial
—
| APM avg | 33.2 |
| APM peak | 45 |
| eAPM avg | 7.4 |
| Villagers / military | 0 / 0 |
Focus
⚔️ 0.0% · 🌾 100.0%
Feudal
—
Castle
—
Imperial
—
| APM avg | 0.7 |
| APM peak | 1 |
| eAPM avg | 0.7 |
| Villagers / military | 0 / 0 |
Feudal
—
Castle
—
Imperial
—
| APM avg | 0.7 |
| APM peak | 1 |
| eAPM avg | 0.7 |
| Villagers / military | 0 / 0 |
Feudal
—
Castle
—
Imperial
—
| APM avg | 29.5 |
| APM peak | 22 |
| eAPM avg | 9.6 |
| Villagers / military | 0 / 0 |
Focus
⚔️ 30.0% · 🌾 70.0%
Feudal
—
Castle
—
Imperial
—
| APM avg | 2.2 |
| APM peak | 2 |
| eAPM avg | 2.2 |
| Villagers / military | 0 / 0 |
Feudal
—
Castle
—
Imperial
—
| APM avg | 53.9 |
| APM peak | 57 |
| eAPM avg | 12.5 |
| Villagers / military | 0 / 0 |
Focus
⚔️ 0.0% · 🌾 100.0%
Feudal
—
Castle
—
Imperial
—
| APM avg | 22.9 |
| APM peak | 31 |
| eAPM avg | 8.9 |
| Villagers / military | 0 / 0 |
Focus
⚔️ 0.0% · 🌾 100.0%
Feudal
—
Castle
—
Imperial
—
| APM avg | 37.6 |
| APM peak | 41 |
| eAPM avg | 5.2 |
| Villagers / military | 0 / 0 |
Focus
⚔️ 0.0% · 🌾 100.0%
Match map
Initial resources + every placement click. Lines = walls · curves = elevation contours. ◆ gold · ⬟ stone · ● berries · ✦ relic · ◌ wall gap
Your base
Hadeo's base
D==D.Trooper's base
VIT Liereyy's base
stejvi's base
Oni.Lewis's base
Niilcha's base
Oni.Nacho's base
Smoothed initial terrain · ◌ = detected wall gap · hover for details
Inputs per minute
— Oni.TheViper - - Hadeo
Build order — Oni.TheViper
1 actions detected in the replay
| 0:25 | Build | Town Center |
Build order — Hadeo
0 actions detected in the replay
Build order — D==D.Trooper
0 actions detected in the replay
Build order — VIT Liereyy
10 actions detected in the replay
| 0:54 | Build | Palisade Wall |
| 0:55 | Build | Palisade Wall |
| 0:57 | Build | Palisade Wall |
| 1:04 | Build | Outpost |
| 1:05 | Build | Outpost |
| 1:05 | Build | Outpost |
| 1:09 | Build | Outpost |
| 1:10 | Build | Outpost |
| 1:11 | Build | Outpost |
| 1:12 | Build | Outpost |
Build order — stejvi
0 actions detected in the replay
Build order — Oni.Lewis
3 actions detected in the replay
| 0:10 | Build | Town Center |
| 0:33 | Build | House |
| 0:33 | Build | House |
Build order — Niilcha
1 actions detected in the replay
| 0:08 | Build | Town Center |
Build order — Oni.Nacho
2 actions detected in the replay
| 0:07 | Build | House |
| 0:52 | Build | Town Center |
Match timeline
| 0:03 | Hadeo · resign |
| 0:54 | VIT Liereyy · wall_segment Palisade Wall x1 |
| 0:55 | VIT Liereyy · wall_segment Palisade Wall x1 |
| 0:57 | VIT Liereyy · wall_segment Palisade Wall x1 |
[ AI ANALYSIS · 1 CREDIT ]
What really happened in this match?
Wolo.gg analyzes every decision: build order, eco, micro, common mistakes by bracket. Personalized analysis on WhatsApp or Discord in 30 seconds.
Civ guide
Spanish
Perfil
Jugador #196240